 Dungeon Crawl Stone Soup version 0.21.1-1-g345015f (webtiles) character file.

222 tidbits the Grave Robber (level 5, -2/38 HPs)
             Began as a Gnoll Necromancer on June 15, 2018.
             Slain by Hebeh's ghost (10 damage)
             ... on level 4 of the Dungeon.
             The game lasted 00:04:00 (334 turns).

tidbits the Grave Robber (Gnoll Necromancer)         Turns: 334, Time: 00:04:00

Health: -2/38      AC:  2    Str: 15    XL:     5   Next: 99%
Magic:  1/12       EV: 15    Int: 18    God:
Gold:   35         SH:  0    Dex: 16    Spells: 6/14 levels left

rFire    . . .     SeeInvis +   d - +0 dagger
rCold    . . .     Gourm    .   (no shield)
rNeg     . . .     Faith    .   a - +0 robe
rPois    .         Spirit   .   (no helmet)
rElec    .         Reflect  .   (no cloak)
rCorr    .         Harm     +   (no gloves)
MR       .....                  (no boots)
Stlth    +++.......             f - amulet of harm
HPRegen  1.12/turn              j - ring of see invisible
MPRegen  0.13/turn              (no ring)

@: mighty, regenerating (expiring)
A: distributed training, fangs 1, strong nose
a: no special abilities


You were on level 4 of the Dungeon.
You were not hungry.

You visited 1 branch of the dungeon, and saw 4 of its levels.

You collected 35 gold pieces.

Inventory:

Hand Weapons
 d - a +0 dagger (weapon)
Missiles
 e - 19 sling bullets
 h - 25 stones (quivered)
Armour
 a - a +0 robe (worn)
Jewellery
 f - an amulet of harm (around neck)
   (You found it on level 1 of the Dungeon)
 j - a ring of see invisible (left hand)
   (You found it on level 3 of the Dungeon)
Scrolls
 k - a scroll of teleportation
 l - a scroll of remove curse
Potions
 i - a potion of curing {unknown}
Books
 b - a book of Necromancy

   Spells                             Type                      Level
   a - Pain                           Necromancy                   1
   b - Animate Skeleton               Necromancy                   1
   c - Vampiric Draining              Necromancy                   3
   d - Regeneration                   Charms/Necromancy            3
   e - Animate Dead                   Necromancy                   4
   f - Borgnjor's Vile Clutch         Necromancy/Earth             5
Comestibles
 c - 5 rations


   Skills:
 + Level 1.6 Fighting
 + Level 1.6 Short Blades
 + Level 1.6 Long Blades
 + Level 1.6 Axes
 + Level 1.6 Maces & Flails
 + Level 1.6 Polearms
 + Level 1.6 Staves
 + Level 1.6 Slings
 + Level 1.6 Bows
 + Level 1.6 Crossbows
 + Level 1.6 Throwing
 + Level 1.6 Armour
 + Level 4.8 Dodging
 + Level 4.5 Stealth
 + Level 1.6 Shields
 + Level 1.6 Unarmed Combat
 + Level 5.2 Spellcasting
 + Level 1.3 Conjurations
 + Level 1.3 Hexes
 + Level 1.3 Charms
 + Level 1.3 Summonings
 + Level 7.2 Necromancy
 + Level 1.3 Translocations
 + Level 1.3 Transmutations
 + Level 1.3 Fire Magic
 + Level 1.3 Ice Magic
 + Level 1.3 Air Magic
 + Level 1.3 Earth Magic
 + Level 1.3 Poison Magic
 + Level 1.9 Invocations
 + Level 1.6 Evocations


You had 6 spell levels left.
You knew the following spells:

 Your Spells              Type           Power        Failure   Level  Hunger
a - Pain                  Necr           ####         1%          1    None
d - Vampiric Draining     Necr           ####......   1%          3    ##.....
n - Animate Skeleton      Necr           N/A          1%          1    None
r - Regeneration          Chrm/Necr      ###.......   7%          3    ##.....


Dungeon Overview and Level Annotations

Branches:
Dungeon (4/15)
 Temple: D:4-7

Altars:

Annotations:
D:4 Hebeh's ghost, amateur DDFi


Innate Abilities, Weirdness & Mutations

Your experience applies equally to all skills.
You have very sharp teeth.
Your uncanny sense of smell can sniff out nearby items.


Message History

You climb downwards.
There is a stone staircase leading up here.
Unknown command.
Casting: Pain
Confirm with . or Enter, or press ? or * to list all spells.
Your skin crawls.
Your skin is crawling a little less now.
Found a ration.
Found a ration.
An ogre comes into view. It is wielding a giant club.
Your skin stops crawling.
A hound comes into view.
Casting: Regeneration
Confirm with . or Enter, or press ? or * to list all spells.
Aiming: Pain
Press: ? - help, Shift-Dir - straight line, f - hound
Aim: a hound (chance to defeat MR: 89%)
The hound writhes in agony!
Casting: Pain
Confirm with . or Enter, or press ? or * to list all spells.
Aiming: Pain
Press: ? - help, Shift-Dir - straight line, f/p - hound
Aim: a hound (moderately wounded, chance to defeat MR: 89%)
The hound barely resists.
You feel very mighty all of a sudden. The hound closely misses you.
You puncture the hound!
The hound is almost dead.
The hound closely misses you. x2
You puncture the hound!
You kill the hound!
You have reached level 5!
Found a glowing mace.
You see here a ration.
c - 4 rations (gained 1)
The ogre shouts!
Casting: Pain
Confirm with . or Enter, or press ? or * to list all spells.
Aiming: Pain
Press: ? - help, Shift-Dir - straight line, f - ogre
Aim: an ogre, wielding a giant club (chance to defeat MR: 84%)
The ogre writhes in agony!
You hit the ogre. You bite the ogre!
The ogre is severely wounded.
The ogre closely misses you.
You hit the ogre.
You kill the ogre!
You see here a ration.
c - 5 rations (gained 1) Hebeh's ghost (amateur Deep Dwarf Fighter) comes into view.
Throwing (i - inventory):
h - 26 stones (quivered)
Press: ? - help, Shift-Dir - straight line, f - Hebeh's ghost
Aim: Hebeh's ghost (hasn't noticed you)
You throw a stone.
Hebeh's ghost turns its malevolent gaze towards you.
The stone hits Hebeh's ghost.
Hebeh's ghost is lightly damaged.
A worker ant comes into view.
Found a leather armour.
Casting: Pain
Confirm with . or Enter, or press ? or * to list all spells.
Your skin crawls.
You hit Hebeh's ghost but do no damage.
Hebeh's ghost is lightly damaged.
Hebeh's ghost hits you!
* * * LOW HITPOINT WARNING * * *
You hit Hebeh's ghost but do no damage.
Hebeh's ghost is lightly damaged.
Hebeh's ghost hits you.
* * * LOW HITPOINT WARNING * * *
You hit Hebeh's ghost.
Hebeh's ghost is lightly damaged.
You barely miss Hebeh's ghost.
Hebeh's ghost is lightly damaged.
Hebeh's ghost completely misses you.
You hit Hebeh's ghost but do no damage. You bite Hebeh's ghost!
Hebeh's ghost is moderately damaged.
Hebeh's ghost closely misses you.
You hit Hebeh's ghost but do no damage.
Hebeh's ghost is moderately damaged.
Your skin is crawling a little less now.
Hebeh's ghost hits you but does no damage.
You hit Hebeh's ghost. Your bite misses Hebeh's ghost.
Hebeh's ghost is moderately damaged.
Hebeh's ghost closely misses you.
You hit Hebeh's ghost but do no damage.
Hebeh's ghost is moderately damaged.
Hebeh's ghost closely misses you.
You hit Hebeh's ghost. You bite Hebeh's ghost!
Hebeh's ghost is heavily damaged.
For a moment, you lose track of Hebeh's ghost.
Hebeh's ghost barely misses you.
You hit Hebeh's ghost but do no damage. You bite Hebeh's ghost.
Hebeh's ghost is severely damaged.
Hebeh's ghost hits you!
* * * LOW HITPOINT WARNING * * *
You puncture Hebeh's ghost!
Hebeh's ghost is almost destroyed.
Hebeh's ghost hits you!
You die...

.# .. .# ... .# #... ##
.##..∆ .... . .... ..
....#####. #..#....
.)......#.##..#...##
..........#[.@..#.....
.#.........###W........
...........# #.........
..........)###.........
.......................
.......................
#.....................
#.....................
##.......#####.........


You could see Hebeh's ghost.

Vanquished Creatures
  2 ogres
  A hound (D:4)
  An adder (D:3)
  A leopard gecko (D:1)
  4 bats
  A giant cockroach (D:1)
  A hobgoblin (D:3)
  A kobold (D:1)
  A quokka (D:3)
  A frilled lizard (D:1)
  2 rats (D:1)
16 creatures vanquished.

Notes
Turn   | Place    | Note
-------+----------+-------------------------------------------
     0 | D:1      | tidbits the Gnoll Necromancer began the quest for the Orb.
     0 | D:1      | Reached XP level 1. HP: 13/13 MP: 6/6
    98 | D:1      | Reached XP level 2. HP: 15/19 MP: 4/7
   101 | D:1      | Learned a level 1 spell: Animate Skeleton
   183 | D:2      | You fall through a shaft!
   262 | D:3      | Noticed an ogre
   266 | D:3      | Killed an ogre
   266 | D:3      | Reached skill level 1 in Fighting
   266 | D:3      | Reached skill level 1 in Short Blades
   266 | D:3      | Reached skill level 1 in Long Blades
   266 | D:3      | Reached skill level 1 in Axes
   266 | D:3      | Reached skill level 1 in Maces & Flails
   266 | D:3      | Reached skill level 1 in Polearms
   266 | D:3      | Reached skill level 1 in Staves
   266 | D:3      | Reached skill level 1 in Slings
   266 | D:3      | Reached skill level 1 in Bows
   266 | D:3      | Reached skill level 1 in Crossbows
   266 | D:3      | Reached skill level 1 in Throwing
   266 | D:3      | Reached skill level 1 in Armour
   266 | D:3      | Reached skill level 1 in Shields
   266 | D:3      | Reached skill level 1 in Unarmed Combat
   266 | D:3      | Reached skill level 5 in Spellcasting
   266 | D:3      | Reached skill level 1 in Conjurations
   266 | D:3      | Reached skill level 1 in Hexes
   266 | D:3      | Reached skill level 1 in Charms
   266 | D:3      | Reached skill level 1 in Summonings
   266 | D:3      | Reached skill level 1 in Translocations
   266 | D:3      | Reached skill level 1 in Transmutations
   266 | D:3      | Reached skill level 1 in Fire Magic
   266 | D:3      | Reached skill level 1 in Ice Magic
   266 | D:3      | Reached skill level 1 in Air Magic
   266 | D:3      | Reached skill level 1 in Earth Magic
   266 | D:3      | Reached skill level 1 in Poison Magic
   266 | D:3      | Reached skill level 1 in Invocations
   266 | D:3      | Reached skill level 1 in Evocations
   266 | D:3      | Reached XP level 3. HP: 4/26 MP: 2/9
   266 | D:3      | Reached XP level 4. HP: 5/32 MP: 2/11
   271 | D:3      | Learned a level 3 spell: Vampiric Draining
   275 | D:3      | Learned a level 3 spell: Regeneration
   292 | D:4      | Noticed an ogre
   300 | D:4      | Reached XP level 5. HP: 16/37 MP: 1/12
   310 | D:4      | Killed an ogre
   314 | D:4      | Noticed Hebeh's ghost (amateur DDFi)
   334 | D:4      | Slain by Hebeh's ghost

Skill      XL: |  1  2 |
---------------+-------+-----
Fighting       | 1 |  1.6
Short Blades   | 1 |  1.6
Long Blades    | 1 |  1.6
Axes           | 1 |  1.6
Maces & Flails | 1 |  1.6
Polearms       | 1 |  1.6
Staves         | 1 |  1.6
Slings         | 1 |  1.6
Bows           | 1 |  1.6
Crossbows      | 1 |  1.6
Throwing       | 1 |  1.6
Armour         | 1 |  1.6
Shields        | 1 |  1.6
Unarmed Combat | 1 |  1.6
Spellcasting   | 5 |  5.2
Conjurations   | 1 |  1.3
Hexes          | 1 |  1.3
Charms         | 1 |  1.3
Summonings     | 1 |  1.3
Translocations | 1 |  1.3
Transmutations | 1 |  1.3
Fire Magic     | 1 |  1.3
Ice Magic      | 1 |  1.3
Air Magic      | 1 |  1.3
Earth Magic    | 1 |  1.3
Poison Magic   | 1 |  1.3
Invocations    | 1 |  1.9
Evocations     | 1 |  1.6
Dodging        | |  4.8
Stealth        | |  4.5
Necromancy     | |  7.2

Action                   |  1- 3 |  4- 6 || total
-------------------------+-------+-------++-------
Melee: Dagger            |       |    15 ||    15
       Bite              |       |     5 ||     5
Throw: Stone             |       |     1 ||     1
 Cast: Pain              |    22 |     4 ||    26
       Regeneration      |       |     2 ||     2
  Use: Scroll            |     3 |       ||     3
       Potion            |       |     1 ||     1
Armor: Robe              |     2 |     1 ||     3
Dodge: Dodged            |     1 |     9 ||    10

Table legend:
 A = Turns spent in this place as a percentage of turns spent in the entire game.
 B = Non-inter-level travel turns spent in this place as a percentage of non-inter-level travel turns spent in the entire game.
 C = Inter-level travel turns spent in this place as a percentage of turns spent in this place.
 D = Turns resting spent in this place as a percentage of non-inter-level travel turns spent in this place.
 E = Turns spent auto-exploring this place as a percentage of non-inter-level travel turns spent in this place.
 F = Non-inter-level travel turns spent in this place divided by the number of levels of this place that you've seen.
                   A       B       C       D       E      F
               +-------+-------+-------+-------+-------+----------------------
         Total | 100.0 | 100.0 |   0.0 |   0.0 |   0.0 |  83.5
       Dungeon | 100.0 | 100.0 |   0.0 |   0.0 |   0.0 |  83.5
               +-------+-------+-------+-------+-------+----------------------

Table legend:
 A = Kills in this place as a percentage of kills in entire the game.
 B = Kills by you in this place as a percentage of kills by you in the entire game.
 C = Kills by friends in this place as a percentage of kills by friends in the entire game.
 D = Other kills in this place as a percentage of other kills in the entire game.
 E = Experience gained in this place as a percentage of experience gained in the entire game.
 F = Experience gained in this place divided by the number of levels of this place that you have seen.
                   A       B       C       D       E      F
               +-------+-------+-------+-------+-------+----------------------
         Total | 100.0 | 100.0 |   N/A |   N/A | 100.0 |  79.5
       Dungeon | 100.0 | 100.0 |   N/A |   N/A | 100.0 |  79.5
               +-------+-------+-------+-------+-------+----------------------

Vault maps used:
D:1:      enne_arrival_octagon_isle
D:2:      cheibrodos_helix_gallery, grunt_temple_overflow_open
D:3:      nicolae_ru_awakened_eye
D:4:      grunt_temple_overflow_magic_moments, first_ration, serial_shops,
          nicolae_shop_crystal, kennysheep_orc_chapel
